 Dungeon Crawl Stone Soup version 0.29-a0-1006-g0dd7720b37 (webtiles) character file.

Game seed: 17653936710320653027

28 drpainis the Chopper (level 3, 0/33 HPs)
             Began as a Hill Orc Monk on Aug 6, 2022.
             Succumbed to an adder's poison
             ... on level 2 of the Dungeon.
             The game lasted 00:01:22 (1259 turns).

drpainis the Chopper (Hill Orc Monk)                Turns: 1259, Time: 00:01:22

Health: 0/33       AC:  5    Str: 15    XL:     3   Next: 14%
Magic:  3/3        EV: 11    Int: 10    God:
Gold:   91         SH:  0    Dex: 13    Spells: 2/2 levels left

rFire   . . .      SeeInvis .   f - +0 hand axe (vorpal)
rCold   . . .      Faith    .   (no shield)
rNeg    + . .      Spirit   .   i - +0 ring mail
rPois   .          Reflect  .   (no helmet)
rElec   .          Harm     .   (no cloak)
rCorr   .          Rampage  .   (no gloves)
Will    .....                   (no boots)
Stlth   +.........              (no amulet)
HPRegen 0.11/turn               j - ring of positive energy
MPRegen 0.08/turn               (no ring)

@: lethally poisoned (0 -> -1)
A: no striking features
a: no special abilities


You were on level 2 of the Dungeon.
You visited 1 branch of the dungeon, and saw 2 of its levels.

You collected 91 gold pieces.

Inventory:

Hand Weapons
 a - a +0 hand axe
 f - a +0 vorpal hand axe (weapon)
Armour
 b - a +0 robe
 h - a scarf of harm
 i - a +0 ring mail (worn)
Jewellery
 j - a ring of positive energy (left hand)
Scrolls
 d - a scroll of identify {unknown}
 g - a scroll of amnesia {unknown}
Potions
 c - a potion of ambrosia
 e - a potion of invisibility {unknown}
 k - a potion of attraction {unknown}


   Skills:
 + Level 4.1 Fighting
 + Level 4.5 Axes
 + Level 2.8 Dodging
 + Level 1.7 Stealth


You had 2 spell levels left.
You didn't know any spells.
Your spell library contained the following spells:

 Spells                   Type           Power      Damage    Failure   Level
 Beastly Appendage        Tmut           0%         N/A       58%         1
 Wereblood                Tmut           0%         N/A       75%         2
 Spider Form              Tmut/Pois      0%         N/A       92%         3


Dungeon Overview and Level Annotations

Branches:
Dungeon (2/15)

Altars:


Message History

The worm is heavily wounded.
You hit the adder. The adder bites you. The worm bites you but does no damage.
You hit the worm.
The worm is severely wounded.
You closely miss the adder. You hit the dart slug.
The adder completely misses you. The adder bites you but does no damage.
You hit the worm.
The worm is almost dead.
You hit the adder. You hit the dart slug. The adder bites you.
The dart slug launches a dart at you. The slug dart misses you.
The worm bites you!
* * * LOW HITPOINT WARNING * * *
You hit the worm but do no damage. You punch the worm.
The worm is almost dead.
You barely miss the adder. You hit the dart slug.
You kill the dart slug!
The adder bites you but does no damage. The adder bites you.
* * * LOW HITPOINT WARNING * * *
You are lethally poisoned!
The adder poisons you! The worm barely misses you.
You have reached level 3!
Your experience leads to an increase in your attributes!
Increase (S)trength, (I)ntelligence, or (D)exterity?
You feel stronger. x2
You hit the worm.
You kill the worm!
You miss the adder.
* * * LOW HITPOINT WARNING * * *
You feel sick. The adder completely misses you.
* * * LOW HITPOINT WARNING * * *
You feel sick. The adder barely misses you.
Things that are here:
3 boomerangs; a worm corpse You barely miss the adder.
The adder is heavily wounded.
* * * LOW HITPOINT WARNING * * *
You feel sick. The adder misses you.
You closely miss the adder.
The adder is heavily wounded.
You die...

### #.. .. #
.###.#
##.#$#.# ..
#@#?#.. # w
##S#.## .#
#...#S#!# ..##
##.#?#.##.....
#.###....#
##..#..####
#.......#
#.###.#.#
#.### #.#>#
#....


You could see an adder and a ball python.

Vanquished Creatures
  2 worms (D:2)
  2 dart slugs (D:2)
  2 ball pythons
  3 bats
  An endoplasm (D:1)
  A giant cockroach (D:2)
  2 goblins (D:1)
  2 hobgoblins (D:1)
  A kobold (D:1)
  2 rats
18 creatures vanquished.

Notes
Turn   | Place    | Note
-------+----------+-------------------------------------------
     0 | D:1      | drpainis the Hill Orc Monk began the quest for the Orb.
     0 | D:1      | Reached XP level 1. HP: 19/19 MP: 1/1
   278 | D:1      | Reached XP level 2. HP: 21/27 MP: 2/2
  1256 | D:2      | Reached XP level 3. HP: 5/33 MP: 3/3
  1258 | D:2      | HP: 1/33 [poisoned by an adder]
  1259 | D:2      | Succumbed to an adder's poison

Illustrated notes

Levels and vault maps discovered:
D:1:      roderic_crossed_star, layout_basic
D:2:      layout_loops_ring, minmay_hexomino_u4, uniq_robin

Skill      XL: |  1  2 |
---------------+-------+-----
Fighting       | 4 |  4.1
Axes           | |  4.5
Dodging        | |  2.8
Stealth        | |  1.7

Action                   || total
-------------------------++-------
Melee: Hand axe          ||    49
       Punch             ||     2
 Stab: Sleeping          ||     2
Armor: Robe              ||     7
       Ring mail         ||    14
Dodge: Dodged            ||    42

Table legend: (Time is in decaauts)
 A = Elapsed time spent in this place.
 B = Non-inter-level travel time spent in this place.
 C = Inter-level travel time spent in this place.
 D = Time resting spent in this place.
 E = Time spent auto-exploring this place.
 F = Levels seen in this place.
 G = Mean time per level.
                   A        B        C        D        E       F      G
               +--------+--------+--------+--------+--------+-----+--------+
         Total |   1261 |   1163 |     98 |    297 |    679 |   2 |  630.5 |
       Dungeon |   1261 |   1163 |     98 |    297 |    679 |   2 |  630.5 |
               +--------+--------+--------+--------+--------+-----+--------+

Top non-repeatable levels by time:
     D:1: 797 daAuts
     D:2: 463 daAuts
